 Dungeon Crawl Stone Soup version 0.24.1-14-gf8d2b509d9 (webtiles) character file.

Game seed: 14666287130029863077, levelgen mode: deterministic

156 nightchill the Skirmisher (level 5, -1/42 HPs)
             Began as a Formicid Abyssal Knight on May 21, 2020.
             Was a Believer of Lugonu.
             Slain by an ice beast (5 damage)
             ... on level 3 of the Dungeon.
             The game lasted 00:04:53 (2835 turns).

nightchill the Skirmisher (Formicid Abyssal Knight) Turns: 2835, Time: 00:04:53

Health: -1/42      AC: 10    Str: 18    XL:     5   Next: 64%
Magic:  7/7        EV:  5    Int: 11    God:    Lugonu [**....]
Gold:   109        SH:  0    Dex: 10    Spells: 4/4 levels left

rFire    . . .     SeeInvis +   a - +1 hand axe
rCold    . . .     Gourm    .   (no shield)
rNeg     . . .     Faith    .   o - +0 plate armour
rPois    .         Spirit   .   (helmet unavailable)
rElec    .         Reflect  .   (no cloak)
rCorr    .         Harm     .   (no gloves)
MR       .....                  (no boots)
Stlth    ..........             (no amulet)
HPRegen  0.14/turn              (no ring)
MPRegen  0.10/turn              (no ring)

@: no status effects
A: permanent stasis, dig shafts and tunnels, four strong arms, antennae 3
a: Dig, Shaft Self, Depart the Abyss, Bend Space, Renounce Religion


You were on level 3 of the Dungeon.
You worshipped Lugonu.
Lugonu was pleased with you.
You were hungry.

You visited 1 branch of the dungeon, and saw 3 of its levels.
You visited the Abyss 1 time.

You collected 109 gold pieces.

Inventory:

Hand Weapons
 a - a +1 hand axe (weapon)
 s - a +0 rapier
Missiles
 x - 62 stones (quivered)
Armour
 b - a +0 leather armour
 f - a +0 ring mail
 o - a +0 plate armour (worn)
Jewellery
 w - an uncursed amulet of the gourmand {unknown}
Wands
 n - a wand of polymorph (10)
Scrolls
 i - a scroll of amnesia {unknown}
 j - 2 scrolls of teleportation {unknown}
 k - a scroll of identify {unknown}
 l - 2 scrolls of blinking {unknown}
 m - a scroll of fog {unknown}
 p - a scroll of remove curse {unknown}
 t - a scroll of fear {unknown}
Potions
 d - a potion of haste {unknown}
 e - 2 potions of flight {unknown}
 g - 3 potions of degeneration {unknown}
 h - a potion of lignification {unknown}
 q - a potion of mutation {unknown}
 r - 2 potions of curing {unknown}
 u - a potion of agility {unknown}
 v - a potion of might {unknown}
Comestibles
 c - 6 rations


   Skills:
 + Level 4.2 Fighting
 * Level 4.1 Axes
 - Level 2.1 Armour
 - Level 0.8 Dodging
 + Level 3.6 Invocations


You had 4 spell levels left.
You didn't know any spells.
Your spell library was empty.

Dungeon Overview and Level Annotations

Branches:
Dungeon (3/15)

Altars:
Yredelemnul


Innate Abilities, Weirdness & Mutations

You cannot be hasted, slowed, berserked, paralysed or teleported.
You can dig through walls and to a lower floor.
Your four strong arms can wield two-handed weapons with a shield.
You have a pair of large antennae on your head. (SInv)


Message History

The ice beast is moderately wounded.
The ice beast hits you but does no damage.
You slash the ice beast!
The ice beast is heavily wounded.
The ice beast hits you but does no damage.
You barely miss the ice beast.
The ice beast is heavily wounded.
The ice beast hits you but does no damage.
You hit the ice beast but do no damage.
The ice beast is heavily wounded.
The ice beast hits you.
* * * LOW HITPOINT WARNING * * *
The ice beast freezes you.
* * * LOW HITPOINT WARNING * * *
You hit the ice beast.
The ice beast is severely wounded.
The ice beast hits you.
* * * LOW HITPOINT WARNING * * *
The ice beast freezes you.
You die...

############ #
#......@Y..# ...
#.########.#
.....###.##### #.#
...8....)....####.###
.P8P.......#........#
#8....#.#..#..#.#.#.#
##..(..###.# #.#.#.#
#.#..# ... #.....# #
#.. .#######..#


You could see an ice beast.

Vanquished Creatures
  A worker ant (D:2)
  6 adders
  3 oozes
  A worm (D:2)
  3 dart slugs
  3 leopard geckos
  9 bats
  3 giant cockroaches (D:2)
  3 hobgoblins
  4 jackals (D:1)
  3 frilled lizards (D:2)
  6 goblins
  8 kobolds
  5 rats (D:2)
  A spectral orc (D:2)
59 creatures vanquished.

Notes
Turn   | Place    | Note
-------+----------+-------------------------------------------
     0 | Abyss:1  | nightchill the Formicid Abyssal Knight began the quest for
                  | the Orb.
     0 | Abyss:1  | Reached XP level 1. HP: 18/18 MP: 2/2
     7 | D:1      | Escaped the Abyss
   164 | D:1      | Reached XP level 2. HP: 20/24 MP: 3/3
   720 | D:1      | Reached XP level 3. HP: 26/29 MP: 3/5
   980 | D:1      | Reached ** piety under Lugonu
  1324 | D:2      | Reached XP level 4. HP: 33/37 MP: 6/6
  1921 | D:2      | Found a basalt altar of Yredelemnul.
  2067 | D:2      | Reached XP level 5. HP: 42/42 MP: 7/7
  2804 | D:3      | Noticed an ice beast
  2835 | D:3      | Slain by an ice beast

Levels and vault maps discovered:
D:1:      eino_arrival_tree_alley, layout_loops_corners, minmay_hedge_maze,
          st_stairs_2
D:2:      layout_basic, yredelemnul_forgotten_temple_becter, first_ration,
          serial_park_tiny_2, minmay_heptomino_h4
D:3:      layout_loops_ring, grunt_dithmenos_smoke, marbit_many_paths,
          serial_undead, serial_undead_e, serial_undead_e, serial_undead_c,
          serial_undead_c

Skill      XL: |  1  2  3  4  5 |
---------------+----------------+-----
Axes           | 3 4 |  4.1
Invocations    | 3 |  3.6
Fighting       | 4 |  4.2
Armour         | |  2.1
Dodging        | |  0.8

Action                   |  1- 3 |  4- 6 || total
-------------------------+-------+-------++-------
Melee: Hand axe          |    97 |   174 ||   271
  Eat: Chunk             |     1 |     5 ||     6
Armor: Leather armour    |     9 |       ||     9
       Ring mail         |     4 |       ||     4
       Plate armour      |    42 |   127 ||   169
Dodge: Dodged            |    54 |    49 ||   103
